SL
DETROIT RENAISSANCE @ NEW AMSTERDAM REPUBLICS
05/18/2024
 
TOP OF THE 1ST
Detroit Renaissance batting - Pitching for New Amsterdam Republics : RHP Nathaniel Riley
Pitching: RHP Nathaniel Riley
Batting: RHB Kyle Bywaters 0-0: Called Strike
0-1: Ball
1-1: Foul Ball, location: 2F
1-2: Ground out 6-3 (Groundball, 6M)
Batting: RHB Ron Ward 0-0: Called Strike
0-1: Swinging Strike
0-2: Ball
1-2: Strikes out swinging
Batting: LHB Mike Silver 0-0: Swinging Strike
0-1: Ball
1-1: Ball
2-1: Ball
3-1: Foul Ball, location: 2F
3-2: Foul Ball, location: 2F
3-2: Foul Ball, location: 2F
3-2: Base on Balls
Batting: LHB Juan González 0-0: Ball
1-0: Called Strike
Mike Silver steals 2nd base
1-1: Foul Ball, location: 2F
1-2: Ground out 3-1 (Groundball, 34)
Top of the 1st over - 0 run(s), 0 hit(s), 0 error(s), 1 left on base; Detroit 0 - New Amsterdam 0
BOTTOM OF THE 1ST
New Amsterdam Republics batting - Pitching for Detroit Renaissance : RHP Domingo Ramírez
Pitching: RHP Domingo Ramírez
Batting: RHB António Pérez 0-0: Called Strike
0-1: Ball
1-1: Ball
2-1: Ground out 6-3 (Groundball, 6M)
Batting: RHB Cory Hansen 0-0: Called Strike
0-1: Ball
1-1: Foul Ball, location: 2F
1-2: Ball
2-2: Foul Ball, location: 2F
2-2: Ball
3-2: Base on Balls
Batting: LHB Félix López 0-0: Foul Ball, location: 2F
0-1: Foul Ball, location: 2F
0-2: Fielders Choice at 2nd, 6-4 (Groundball, 6M)
Batting: RHB Hank Wilder 0-0: Ground out 1-3 (Groundball, 13)
Bottom of the 1st over - 0 run(s), 0 hit(s), 0 error(s), 1 left on base; Detroit 0 - New Amsterdam 0
TOP OF THE 2ND
Detroit Renaissance batting - Pitching for New Amsterdam Republics : RHP Nathaniel Riley
Batting: LHB Michael Neely 0-0: Foul Ball, location: 2F
0-1: Fly out, F5 (Popup, 5SF)
Batting: LHB Tim Waters 0-0: Called Strike
0-1: Swinging Strike
0-2: Ball
1-2: Ball
2-2: Foul Ball, location: 2F
2-2: Strikes out swinging
Batting: LHB Gregory Johnson 0-0: Fly out, F6 (Popup, 56D)
Top of the 2nd over - 0 run(s), 0 hit(s), 0 error(s), 0 left on base; Detroit 0 - New Amsterdam 0
BOTTOM OF THE 2ND
New Amsterdam Republics batting - Pitching for Detroit Renaissance : RHP Domingo Ramírez
Batting: LHB Eric Ward 0-0: Ball
1-0: Swinging Strike
1-1: Foul Ball, location: 2F
1-2: Strikes out swinging
Batting: RHB Luis Muńóz 0-0: SOLO HOME RUN (Flyball, 7LD), Distance : 357 ft
Batting: RHB Ed Anderson 0-0: Ball
1-0: Ball
2-0: Foul Ball, location: 2F
2-1: Ball
3-1: Called Strike
3-2: Ground out 6-3 (Groundball, 6M)
Batting: SHB Todd Hill 0-0: Ball
1-0: Foul Ball, location: 2F
1-1: Ball
2-1: Ball
3-1: Base on Balls
Batting: RHB Miguel Rodríguez 0-0: Ball
1-0: Called Strike
1-1: Called Strike
1-2: Foul Ball, location: 2F
1-2: Ball
2-2: Foul Ball, location: 2F
2-2: Foul Ball, location: 2F
2-2: Ball
3-2: Ground out 6-3 (Groundball, 6)
Bottom of the 2nd over - 1 run(s), 1 hit(s), 0 error(s), 1 left on base; Detroit 0 - New Amsterdam 1
TOP OF THE 3RD
Detroit Renaissance batting - Pitching for New Amsterdam Republics : RHP Nathaniel Riley
Batting: LHB Gustavo Cortéz 0-0: SINGLE (Groundball, 34D)
Batting: RHB Eric D'Angle 0-0: Foul Ball, location: 2F
0-1: Ball
1-1: Fly out, F3 (Popup, 9LSF)
Batting: RHB Kyle Bywaters 0-0: Ball
1-0: Ball
2-0: Foul Ball, location: 2F
2-1: Fly out, F9 (Flyball, 89M)
Batting: RHB Ron Ward 0-0: 2-RUN HOME RUN (Flyball, 78XD), Distance : 425 ft
Batting: LHB Mike Silver 0-0: Ball
1-0: Ball
2-0: Called Strike
2-1: Swinging Strike
2-2: Foul Ball, location: 2F
2-2: Ground out U3 (Groundball, 3L)
Top of the 3rd over - 2 run(s), 2 hit(s), 0 error(s), 0 left on base; Detroit 2 - New Amsterdam 1
BOTTOM OF THE 3RD
New Amsterdam Republics batting - Pitching for Detroit Renaissance : RHP Domingo Ramírez
Batting: RHB António Pérez 0-0: Called Strike
0-1: Ball
1-1: Ground out 1-3 (Groundball, 13S)
Batting: RHB Cory Hansen 0-0: Foul Ball, location: 2F
0-1: Called Strike
0-2: Ball
1-2: Ball
2-2: Fly out, F4 (Popup, 3DF)
Batting: LHB Félix López 0-0: Foul Ball, location: 2F
0-1: Swinging Strike
0-2: Ball
1-2: Ball
2-2: Foul Ball, location: 2F
2-2: Strikes out swinging
Bottom of the 3rd over - 0 run(s), 0 hit(s), 0 error(s), 0 left on base; Detroit 2 - New Amsterdam 1
TOP OF THE 4TH
Detroit Renaissance batting - Pitching for New Amsterdam Republics : RHP Nathaniel Riley
Batting: LHB Juan González 0-0: Ball
1-0: Called Strike
1-1: Foul Ball, location: 2F
1-2: Ball
2-2: Ball
3-2: Foul Ball, location: 2F
3-2: SINGLE (Groundball, 3D)
Batting: LHB Michael Neely 0-0: Called Strike
0-1: Ball
1-1: Foul Ball, location: 2F
1-2: Ball
2-2: Strikes out swinging
Batting: LHB Tim Waters 0-0: Ball
1-0: Ball
2-0: Ball
3-0: Base on Balls
Juan González to second
Batting: LHB Gregory Johnson 0-0: Called Strike
0-1: Called Strike
0-2: Foul Ball, location: 2F
0-2: Ball
1-2: Ball
2-2: Strikes out looking
Batting: LHB Gustavo Cortéz 0-0: DOUBLE (Flyball, 78XD)
Juan González scores
Tim Waters to third
Runner from 3rd tries for Home, SAFE, no throw or cutoff
Batting: RHB Eric D'Angle 0-0: SINGLE (Groundball, 3L)
Gustavo Cortéz to third
Runner from 3rd tries for Home, SAFE, throw made home
Eric D'Angle to second
Batting: RHB Kyle Bywaters 0-0: Ball
1-0: Swinging Strike
1-1: Ball
2-1: Swinging Strike
2-2: Strikes out looking
Top of the 4th over - 3 run(s), 3 hit(s), 0 error(s), 1 left on base; Detroit 5 - New Amsterdam 1
BOTTOM OF THE 4TH
New Amsterdam Republics batting - Pitching for Detroit Renaissance : RHP Domingo Ramírez
Batting: RHB Hank Wilder 0-0: Called Strike
0-1: Ball
1-1: SINGLE (Groundball, 6MD) (infield hit)
Batting: LHB Eric Ward 0-0: Swinging Strike
0-1: Ball
1-1: Foul Ball, location: 2F
1-2: Foul Ball, location: 2F
1-2: Ball
2-2: Fly out, F7 (Flyball, 7D)
Batting: RHB Luis Muńóz 0-0: SINGLE (Groundball, 56)
Hank Wilder to second
Batting: RHB Ed Anderson 0-0: Foul Ball, location: 2F
0-1: Foul Ball, location: 2F
0-2: Ball
1-2: Ball
2-2: SINGLE (Line Drive, 6D)
Hank Wilder to third
Luis Muńóz to second
Runner from 3rd tries for Home, SAFE, throw made home
Luis Muńóz to third
Ed Anderson to second
Batting: SHB Todd Hill 0-0: Ball
1-0: Ball
2-0: Foul Ball, location: 2F
2-1: Ball
3-1: Base on Balls
Batting: RHB Miguel Rodríguez 0-0: Ball
1-0: Grounds into double play, 6-4-3 (Groundball, 6)
Bottom of the 4th over - 1 run(s), 3 hit(s), 0 error(s), 2 left on base; Detroit 5 - New Amsterdam 2
TOP OF THE 5TH
Detroit Renaissance batting - Pitching for New Amsterdam Republics : RHP Nathaniel Riley
Batting: RHB Ron Ward 0-0: Ball
1-0: Ball
2-0: Ball
3-0: Called Strike
3-1: Base on Balls
Batting: LHB Mike Silver 0-0: Ball
1-0: Ball
2-0: Ball
3-0: Called Strike
3-1: Base on Balls
Ron Ward to second
Batting: LHB Juan González 0-0: Grounds into double play, U4-3 (Groundball, 4)
Ron Ward to third
Batting: LHB Michael Neely 0-0: Ball
1-0: Swinging Strike
1-1: Called Strike
1-2: Strikes out swinging
Top of the 5th over - 0 run(s), 0 hit(s), 0 error(s), 1 left on base; Detroit 5 - New Amsterdam 2
BOTTOM OF THE 5TH
New Amsterdam Republics batting - Pitching for Detroit Renaissance : RHP Domingo Ramírez
Batting: RHB António Pérez 0-0: Ball
1-0: Foul Ball, location: 2F
1-1: Called Strike
1-2: Strikes out swinging
Batting: RHB Cory Hansen 0-0: Ball
1-0: Foul Ball, location: 2F
1-1: Fly out, F4 (Popup, 34D)
Batting: LHB Félix López 0-0: Swinging Strike
0-1: Foul Ball, location: 2F
0-2: Ball
1-2: Ball
2-2: Foul Ball, location: 2F
2-2: Ground out 4-3 (Groundball, 34)
Bottom of the 5th over - 0 run(s), 0 hit(s), 0 error(s), 0 left on base; Detroit 5 - New Amsterdam 2
TOP OF THE 6TH
Detroit Renaissance batting - Pitching for New Amsterdam Republics : RHP Nathaniel Riley
Batting: LHB Tim Waters 0-0: Foul Ball, location: 2F
0-1: Foul Ball, location: 2F
0-2: Fly out, F7 (Flyball, 8LD)
Batting: LHB Gregory Johnson 0-0: Called Strike
0-1: Swinging Strike
0-2: SINGLE (Groundball, 34D) (infield hit)
Batting: LHB Gustavo Cortéz 0-0: 2-RUN HOME RUN (Flyball, 7LD), Distance : 369 ft
Pitching: LHP Frenk Norman
Batting: RHB Eric D'Angle 0-0: Called Strike
0-1: Ball
1-1: Foul Ball, location: 2F
1-2: Foul Ball, location: 2F
1-2: Ball
2-2: Ball
3-2: Ground out 5-3 (Groundball, 5S)
Batting: RHB Kyle Bywaters 0-0: Ball
1-0: Ball
2-0: Ball
3-0: Base on Balls
Pitching: RHP Rob Stone
Batting: RHB Ron Ward 0-0: Called Strike
Kyle Bywaters steals 2nd base
0-1: Called Strike
0-2: Strikes out swinging
Top of the 6th over - 2 run(s), 2 hit(s), 0 error(s), 1 left on base; Detroit 7 - New Amsterdam 2
BOTTOM OF THE 6TH
New Amsterdam Republics batting - Pitching for Detroit Renaissance : RHP Domingo Ramírez
Batting: RHB Hank Wilder 0-0: Ball
1-0: Called Strike
1-1: Ground out 5-3 (Groundball, 56S)
Batting: LHB Eric Ward 0-0: Ball
1-0: Ball
2-0: Called Strike
2-1: Called Strike
2-2: Foul Ball, location: 2F
2-2: Strikes out swinging
Batting: RHB Luis Muńóz 0-0: Called Strike
0-1: Ground out 5-3 (Groundball, 56S)
Bottom of the 6th over - 0 run(s), 0 hit(s), 0 error(s), 0 left on base; Detroit 7 - New Amsterdam 2
TOP OF THE 7TH
Detroit Renaissance batting - Pitching for New Amsterdam Republics : RHP Rob Stone
Batting: LHB Mike Silver 0-0: Foul Ball, location: 2F
0-1: Ball
1-1: Swinging Strike
1-2: Foul Ball, location: 2F
1-2: Ball
2-2: Hit by Pitch
Batting: LHB Juan González 0-0: Foul Ball, location: 2F
0-1: Ball
Mike Silver steals 2nd base
1-1: Swinging Strike
1-2: Ground out 3-6 (Groundball, 3)
Mike Silver to third
Batting: LHB Michael Neely 0-0: Ground out 4-3 (Groundball, 4)
Mike Silver scores
Batting: LHB Tim Waters 0-0: Ball
1-0: Called Strike
1-1: Ball
2-1: Foul Ball, location: 2F
2-2: Foul Ball, location: 2F
2-2: Foul Ball, location: 2F
2-2: Strikes out swinging
Top of the 7th over - 1 run(s), 0 hit(s), 0 error(s), 0 left on base; Detroit 8 - New Amsterdam 2
BOTTOM OF THE 7TH
New Amsterdam Republics batting - Pitching for Detroit Renaissance : RHP Domingo Ramírez
Batting: RHB Ed Anderson 0-0: Swinging Strike
0-1: Foul Ball, location: 2F
0-2: Ball
1-2: Ball
2-2: Ball
3-2: Fly out, F8 (Flyball, 8RD)
Batting: SHB Todd Hill 0-0: Swinging Strike
0-1: Called Strike
0-2: Ball
1-2: Ball
2-2: Ball
3-2: Ground out 4-3 (Groundball, 34)
Batting: RHB Miguel Rodríguez 0-0: Called Strike
0-1: Ball
1-1: Ball
2-1: Swinging Strike
2-2: Foul Ball, location: 2F
2-2: Ball
3-2: Strikes out swinging
Bottom of the 7th over - 0 run(s), 0 hit(s), 0 error(s), 0 left on base; Detroit 8 - New Amsterdam 2
TOP OF THE 8TH
Detroit Renaissance batting - Pitching for New Amsterdam Republics : RHP Rob Stone
Batting: LHB Gregory Johnson 0-0: Ball
1-0: Ball
2-0: Ball
3-0: Foul Ball, location: 2F
3-1: Base on Balls
Batting: LHB Gustavo Cortéz 0-0: Ball
1-0: Ball
2-0: Called Strike
2-1: Bunt missed!
2-2: SINGLE (Flyball, 7S)
Gregory Johnson to second
Gregory Johnson to third
Batting: RHB Eric D'Angle 0-0: SINGLE (Popup, 8LS)
Gregory Johnson scores
Gustavo Cortéz to second
Batting: RHB Kyle Bywaters 0-0: Bunt missed!
0-1: Sac Bunt - play at first, batter safe!
Gustavo Cortéz to third
Eric D'Angle to second
Batting: RHB Ron Ward 0-0: Ball
1-0: Ball
2-0: Ball
3-0: Base on Balls
Gustavo Cortéz scores
Eric D'Angle to third
Kyle Bywaters to second
Batting: LHB Mike Silver 0-0: Ball
1-0: Grounds into double play, 4-6-3 (Groundball, 4)
Eric D'Angle scores
Kyle Bywaters to third
Pitching: RHP Tommy Middleton
Batting: LHB Juan González 0-0: Ball
1-0: Foul Ball, location: 2F
1-1: Ball
2-1: Swinging Strike
2-2: Ball
3-2: Ground out U3 (Groundball, 3S)
Top of the 8th over - 3 run(s), 3 hit(s), 0 error(s), 1 left on base; Detroit 11 - New Amsterdam 2
BOTTOM OF THE 8TH
New Amsterdam Republics batting - Pitching for Detroit Renaissance : RHP Domingo Ramírez
Pinch Hitting: RHB Tim Robinson 0-0: Foul Ball, location: 2F
0-1: Foul Ball, location: 2F
0-2: Ball
1-2: Ground out 6-3 (Groundball, 6)
Pitching: LHP José Ortíz
Batting: RHB Cory Hansen 0-0: Swinging Strike
0-1: Ball
1-1: Foul Ball, location: 2F
1-2: Strikes out looking
Batting: LHB Félix López 0-0: Called Strike
0-1: Ball
1-1: Ball
2-1: Ball
3-1: Base on Balls
Batting: RHB Hank Wilder 0-0: Ball
1-0: Swinging Strike
1-1: Called Strike
1-2: Foul Ball, location: 2F
1-2: Ground out 5-3 (Groundball, 56S)
Bottom of the 8th over - 0 run(s), 0 hit(s), 0 error(s), 1 left on base; Detroit 11 - New Amsterdam 2
TOP OF THE 9TH
Detroit Renaissance batting - Pitching for New Amsterdam Republics : RHP Tommy Middleton
Now in CF: David Morales
Batting: LHB Michael Neely 0-0: Ball
1-0: Ball
2-0: Ball
3-0: Base on Balls
Batting: LHB Tim Waters 0-0: Swinging Strike
0-1: Called Strike
0-2: Ball
1-2: Ball
2-2: Strikes out looking
Batting: LHB Gregory Johnson 0-0: Called Strike
0-1: Called Strike
0-2: Ball
1-2: Strikes out swinging
Batting: LHB Gustavo Cortéz 0-0: Ball
1-0: Ball
2-0: Foul Ball, location: 2F
2-1: Ground out 4-3 (Groundball, 4)
Top of the 9th over - 0 run(s), 0 hit(s), 0 error(s), 1 left on base; Detroit 11 - New Amsterdam 2
BOTTOM OF THE 9TH
New Amsterdam Republics batting - Pitching for Detroit Renaissance : LHP José Ortíz
Batting: LHB Eric Ward 0-0: Swinging Strike
0-1: Ball
1-1: Called Strike
1-2: Ball
2-2: Ball
3-2: Base on Balls
Batting: RHB Luis Muńóz 0-0: Foul Ball, location: 2F
0-1: Called Strike
0-2: Strikes out looking
Batting: RHB Ed Anderson 0-0: Ball
1-0: Ball
2-0: Ball
3-0: Base on Balls
Eric Ward to second
Batting: SHB Todd Hill 0-0: Foul Ball, location: 2F
0-1: Ball
1-1: Called Strike
1-2: Ball
2-2: Foul Ball, location: 2F
2-2: Foul Ball, location: 2F
2-2: Grounds into double play, 5-4-3 (Groundball, 56)
Bottom of the 9th over - 0 run(s), 0 hit(s), 0 error(s), 1 left on base; Detroit 11 - New Amsterdam 2
This league is powered by Out of the Park Baseball, the baseball management simulation game for PC, Mac and Linux
Monday, October 3rd, 2016 - OOTP Baseball 16.9 Build 39